Map: Dragon Scales LE

Players

Strange

  • Race: Protoss Protoss
  • Spawn Location: 11:00

Clem - Winner!

  • Race: Terran Terran
  • Spawn Location: 5:00

Event: ESL SC2 Masters 2023 Summer (Regionals)

VOD

Have the link to the VOD?

Description

Time

  • Played on: May 4, 2023, 10:45 a.m.
  • Length: 8:11

All games in this series

Show
View Real Time Build Order
Export as new Build Order

Strange Protoss 

Build Orders: Blink Stalkers 

Get SALT Encoding   

  12  0:00  Probe  
  13  0:12  Probe  
  14  0:17  Pylon  
  14  0:24  Probe  
  15  0:36  Gateway  
  15  0:37  Probe (Chrono Boost)  
  16  0:46  Probe (Chrono Boost), Assimilator  
  17  0:51  Probe (Chrono Boost)  
  18  1:03  Probe  
  19  1:15  Probe  
  20  1:29  Cybernetics Core  
  19  1:33  Probe  
  20  1:47  Probe  
  21  1:53  Nexus  
  21  1:58  Pylon  
  21  2:02  Adept (Chrono Boost)  
  21  2:07  Warp Gate  
  23  2:15  Assimilator  
  23  2:16  Probe  
  24  2:23  Adept (Chrono Boost)  
  24  2:28  Probe  
  27  2:40  Probe  
  27  2:43  Twilight Council  
  28  2:52  Probe  
  28  2:53  Stalker (Chrono Boost)  
  31  3:05  Probe  
  32  3:09  Probe  
  33  3:17  Probe  
  34  3:20  Gateway, Stalker (Chrono Boost)  
  34  3:21  Probe  
  34  3:24  Blink (Chrono Boost)  
  37  3:29  Probe  
  38  3:34  Probe  
  39  3:41  Probe  
  39  3:46  Probe  
  41  3:53  Probe  
  39  3:59  Probe  
  39  4:02  Stalker  
  40  4:05  Probe  
  36  4:11  Probe (Chrono Boost)  
  36  4:21  Probe (Chrono Boost)  
  36  4:23  Probe (Chrono Boost)  
  38  4:29  Pylon  
  40  4:31  Probe (Chrono Boost)  
  40  4:33  Probe (Chrono Boost)  
  40  4:34  Robotics Facility  
  40  4:37  Probe  
  40  4:42  Probe  
  42  4:49  Probe  
  43  4:54  Probe, Assimilator  
  43  4:55  Assimilator  
  43  4:57  Sentry  
  43  4:58  Stalker  
  48  5:00  Pylon  
  48  5:01  Probe  
  50  5:08  Probe (Chrono Boost)  
  50  5:11  Shield Battery  
  50  5:13  Probe (Chrono Boost)  
  51  5:21  Robotics Bay  
  52  5:22  Observer  
  52  5:23  Probe x2 (Chrono Boost)  
  54  5:28  Probe (Chrono Boost)  
  54  5:30  Probe  
  54  5:32  Pylon  
  56  5:40  Probe  
  56  5:42  Probe  
  58  5:44  Observer  
  59  5:50  Forge  
  59  5:52  Probe  
  59  5:54  Probe  
  61  5:58  Pylon  
  61  6:01  Nexus, Observer  
  62  6:06  Probe, Colossus (Chrono Boost)  
  68  6:12  Probe  
  68  6:15  Observer  
  68  6:18  Probe, Sentry  
  71  6:21  Extended Thermal Lance  
  72  6:26  Probe  
  72  6:31  Charge  
  73  6:33  Probe, Pylon, Observer  
  74  6:40  Probe  
  74  6:45  Probe  
  74  6:46  Pylon, Observer  
  76  6:48  Colossus (Chrono Boost)  
  76  6:53  Shield Battery  
  82  6:56  Probe  
  82  6:58  Probe  
  82  6:59  Sentry  
  86  7:04  Stalker  
  88  7:08  Shield Battery  
  88  7:22  Probe x2  
  90  7:25  Probe  
  97  7:30  Pylon, Stalker  
  97  7:34  Probe  
  97  7:35  Probe, Stalker  
  87  7:57  Stalker  
Show
View Real Time Build Order
Export as new Build Order

Clem Terran - Winner!

Build Orders:  

Get SALT Encoding   

  12  0:00  SCV  
  13  0:12  SCV  
  14  0:17  Supply Depot  
  14  0:24  SCV  
  15  0:30  Refinery  
  15  0:38  SCV  
  16  0:45  Barracks  
  16  0:50  SCV  
  17  1:02  SCV  
  18  1:09  Engineering Bay  
  18  1:14  SCV  
  19  1:32  Marine, Orbital Command  
  20  1:37  Factory  
  20  1:45  Supply Depot  
  20  1:53  Barracks Reactor  
  20  1:57  SCV  
  21  2:10  SCV  
  22  2:22  SCV  
  23  2:30  Starport  
  23  2:34  Supply Depot, Hellion x2  
  27  2:45  Command Center  
  27  2:47  SCV  
  28  2:55  Hellion  
  28  2:58  Hellion  
  32  3:01  SCV  
  33  3:07  Medivac  
  33  3:12  Refinery  
  35  3:14  SCV  
  35  3:17  Barracks Tech Lab  
  36  3:26  Supply Depot, SCV  
  37  3:38  SCV  
  38  3:43  Barracks  
  38  3:44  Marine  
  38  3:47  Marine  
  40  3:49  Siege Tank  
  40  3:53  SCV  
  44  4:00  Orbital Command  
  42  4:05  SCV  
  42  4:07  Marine x2  
  43  4:17  SCV  
  43  4:22  Orbital Command  
  44  4:25  Siege Tank  
  44  4:26  Engineering Bay  
  44  4:29  Marine x2  
  49  4:32  Barracks Tech Lab  
  49  4:35  SCV  
  50  4:40  Supply Depot  
  50  4:47  SCV  
  50  4:48  SCV  
  50  4:50  Marine x2  
  54  4:57  Barracks Tech Lab  
  54  4:59  SCV  
  55  5:00  SCV, Bunker  
  56  5:07  Raven  
  56  5:08  Marine x2  
  56  5:09  Supply Depot  
  56  5:11  SCV  
  56  5:12  SCV  
  62  5:15  Barracks  
  62  5:16  Marine  
  62  5:20  Stimpack  
  63  5:23  SCV  
  63  5:24  SCV  
  63  5:27  Refinery  
  65  5:29  Terran Infantry Weapons Level 1  
  65  5:32  Marine x2  
  65  5:34  Marine  
  68  5:35  SCV  
  68  5:38  SCV  
  68  5:41  Supply Depot  
  70  5:48  SCV  
  71  5:50  SCV, Refinery, Marine  
  71  5:53  Marauder  
  75  6:00  SCV  
  75  6:02  SCV, Factory Reactor, Starport Reactor  
  77  6:04  Supply Depot  
  77  6:05  Marine  
  77  6:08  Marine  
  77  6:10  Combat Shield  
  81  6:11  Marauder  
  81  6:12  SCV  
  81  6:14  Marauder  
  81  6:15  SCV  
  85  6:20  Supply Depot  
  85  6:22  Marine  
  86  6:26  Marine  
  89  6:33  Marauder  
  89  6:36  Marauder  
  89  6:38  Medivac  
  93  6:42  Supply Depot, Widow Mine x2, Medivac  
  93  6:46  Command Center  
  99  6:51  Marine x2  
  101  6:55  Supply Depot  
  101  7:00  Concussive Shells  
  101  7:03  Supply Depot, SCV  
  101  7:04  SCV, Marauder x2  
  101  7:08  Medivac  
  109  7:15  Supply Depot  
  109  7:16  Marine x2  
  109  7:17  Widow Mine x2  
  109  7:20  SCV x2  
  117  7:25  Supply Depot  
  117  7:32  Marauder  
  117  7:33  SCV  
  117  7:36  Marauder  
  122  7:37  Marine  
  122  7:41  Marine  
  122  7:46  Widow Mine x2  
Tags
 
Add a new tag
Caveats
  • Supply blocks, unpowered buildings, or Contaminate may cause inaccurate times.
  • Supply counts are checked every 10 seconds.